 Dungeon Sprint DCSS version 0.30-a0-949-g53dc5368d7 (webtiles) character file.

Game seed: 9598409530431567771

494 NinjaNoafa the Thaumaturge (level 6, -6/56 HPs)
             Began as a Draconian Conjurer on Mar 27, 2023.
             Was a High Priest of Vehumet.
             Mangled by a deep troll (12 damage)
             ... in the Dungeon (Sprint VII: "The Pits").
             The game lasted 00:02:53 (431 turns).

NinjaNoafa the Thaumaturge (Draconian Conjurer)      Turns: 431, Time: 00:02:53

Health: -6/56      AC:  6    Str:  9    XL:     6   Next: 92%
Magic:  11/19      EV: 13    Int: 21    God:    Vehumet [*****.]
Gold:   0          SH:  0    Dex:  9    Spells: 15/25 levels left

rFire   . . .      SeeInvis .    l - +3 dagger (venom)
rCold   . . .      Faith    .    (no shield)
rNeg    . . .      Spirit   .    (body armour unavailable)
rPois   .          Reflect  .    (helmet restricted)
rElec   .          Rampage  .    (no cloak)
rCorr   .          NoTele   +    (no gloves)
Will    .....                    (no boots)
Stlth   ++                       (no amulet)
HPRegen 0.29/turn                (no ring)
MPRegen 0.16/turn                (no ring)

@: no status effects
A: AC +6, unfitting armour, cold-blooded
a: Renounce Religion


You were in the Dungeon.
You worshipped Vehumet.
Vehumet was extremely pleased with you.
You visited 1 branch

Inventory:

Hand Weapons
 l - a +3 dagger of venom (weapon)
Scrolls
 f - a scroll of blinking
 i - 5 scrolls of amnesia
 k - 2 scrolls of vulnerability
Potions
 a - 5 potions of magic
 b - 6 potions of curing
 c - 4 potions of heal wounds
 d - a potion of haste
 e - 3 potions of berserk rage
 h - 2 potions of invisibility


   Skills:
 + Level 5.2 Fighting
 + Level 5.0 Dodging
 - Level 1.7 Stealth
 - Level 10.0 Spellcasting
 - Level 7.0 Conjurations
 + Level 4.7 Translocations


You had 15 spell levels left.
You knew the following spells:

 Your Spells              Type           Power      Damage    Failure   Level
a - Magic Dart            Conj           100%       1d8       1%          1
b - Searing Ray           Conj           78%        2d7       1%          2
c - Iskenderun's Mystic   Conj/Tloc      35%        2d8       1%          4
d - Dazzling Flash        Conj/Hex       50%        N/A       1%          3

Your spell library contained the following spells:

 Spells                   Type           Power      Damage    Failure   Level
 Kiss of Death            Conj/Necr      100%       2d13      1%          1
 Fulminant Prism          Conj/Hex       12%        3d9       4%          4


Dungeon Overview and Level Annotations

Branches:
Dungeon (1/1)

Altars:
Ashenzari
Cheibriados
Dithmenos
Elyvilon
Fedhas
Gozag
Hepliaklqana
Kikubaaqudgha
Makhleb
Nemelex Xobeh
Okawaru
Qazlal
Ru
Sif Muna
Trog
Uskayaw
Vehumet
Wu Jian
Xom
Yredelemnul
Zin
The Shining One
Jiyva
Lugonu


Innate Abilities, Weirdness & Mutations

Your plain brown scales are hard. (AC +6)
You cannot fit into any form of body armour.
You are cold-blooded and may be slowed by cold attacks.


Message History

Casting: Iskenderun's Mystic Blast (dangerous; 1% risk of failure)
Confirm with . or Enter, or press ? or * to list all spells.
Aiming: Searing Ray (safe; 1% risk of failure)
Press: ? - help, Shift-Dir - straight line, f - ufetubus
Aim: an ufetubus (severely wounded, very poisoned, 68% to hit)
The searing ray hits the ufetubus!
You kill the ufetubus!
Vehumet accepts your kill.
You feel your power returning. (Press . to maintain the ray.)
Your Dodging skill increases to level 5!
There is an open door here.
You open the door.
A deep troll comes into view.
Casting: Searing Ray (safe; 1% risk of failure)
Confirm with . or Enter, or press ? or * to list all spells.
Aiming: Searing Ray (safe; 1% risk of failure)
Press: ? - help, Shift-Dir - straight line, f - deep troll
Aim: a deep troll (asleep, 100% to hit)
The searing ray hits the deep troll.
The deep troll is lightly wounded.
The deep troll shouts! (Press . to maintain the ray.)
The searing ray hits the deep troll!
The deep troll is moderately wounded.
The deep troll bites you! The deep troll claws you! The deep troll misses you.
The searing ray hits the deep troll!
The deep troll is heavily wounded.
The deep troll misses you. The deep troll claws you!
* * * LOW HITPOINT WARNING * * *
The deep troll closely misses you.
Casting: Searing Ray (safe; 1% risk of failure)
Confirm with . or Enter, or press ? or * to list all spells.
You erupt in a blast of force!
The mystic blast hits the deep troll.
The deep troll is heavily wounded.
The deep troll bites you but does no damage.
The deep troll claws you!
* * * LOW HITPOINT WARNING * * *
The deep troll claws you!
You die...

#)#........##.......#
#)###########.......#
#.......# #########
#...#...# #...#...#
#.##)##.#+#
#...#...#.+
#...#...#T#
#.......'@#
###########


You could see a deep troll.

Vanquished Creatures
  A fire bat (D)
  A floating eye (D)
  Pargi (D)
  A gnoll sergeant (D)
  An orc priest (D)
  4 gnolls (D)
  4 ufetubi (D)
  2 orcs (D)
  A ball python (D)
  A giant cockroach (D)
  2 jackals (D)
  A quokka (D)
  A frilled lizard (D)
  A kobold (D)
22 creatures vanquished.

Notes
Turn   | Place    | Note
-------+----------+-------------------------------------------
     0 | D        | NinjaNoafa the Draconian Conjurer began the quest for the
                  | Orb.
     0 | D        | Reached XP level 1. HP: 14/14 MP: 3/3
     8 | D        | Noticed a floating eye
    12 | D        | Paralysed by a floating eye for 4 turns
    17 | D        | Paralysed by a floating eye for 4 turns
    26 | D        | Paralysed by a floating eye for 2 turns
    28 | D        | Killed a floating eye
    29 | D        | Reached skill level 7 in Spellcasting
    29 | D        | Reached skill level 5 in Conjurations
    29 | D        | Reached XP level 2. HP: 20/20 MP: 0/10
    29 | D        | Reached XP level 3. HP: 26/26 MP: 0/12
    29 | D        | Reached XP level 4. HP: 33/33 MP: 0/13
    60 | D        | Found a bloodstained altar of Trog.
    60 | D        | Found a shimmering blue altar of Sif Muna.
    60 | D        | Found a viscous altar of Jiyva.
    60 | D        | Found a hazy altar of Hepliaklqana.
    60 | D        | Found an opulent altar of Gozag.
    61 | D        | Found a glowing golden altar of the Shining One.
    61 | D        | Found a glowing silver altar of Zin.
    61 | D        | Found a basalt altar of Yredelemnul.
    61 | D        | Found a shimmering altar of Xom.
    61 | D        | Found an ornate altar of the Wu Jian Council.
    61 | D        | Found a sacrificial altar of Ru.
    61 | D        | Found a stormy altar of Qazlal.
    61 | D        | Found an iron altar of Okawaru.
    61 | D        | Found a sparkling altar of Nemelex Xobeh.
    61 | D        | Found a burning altar of Makhleb.
    61 | D        | Found a blossoming altar of Fedhas.
    61 | D        | Found a white marble altar of Elyvilon.
    61 | D        | Found a shadowy altar of Dithmenos.
    61 | D        | Found a snail-covered altar of Cheibriados.
    63 | D        | Found a corrupted altar of Lugonu.
    63 | D        | Found a radiant altar of Vehumet.
    64 | D        | Found an ancient bone altar of Kikubaaqudgha.
    64 | D        | Found a hide-covered altar of Uskayaw.
    64 | D        | Found a broken altar of Ashenzari.
    73 | D        | Became a worshipper of Vehumet
    96 | D        | Learned a level 2 spell: Searing Ray
   166 | D        | Reached * piety under Vehumet
   166 | D        | Offered knowledge of Sandblast by Vehumet.
   167 | D        | Reached skill level 8 in Spellcasting
   179 | D        | Reached ** piety under Vehumet
   248 | D        | Noticed Pargi
   249 | D        | Noticed a fire bat
   249 | D        | Noticed a gnoll sergeant
   264 | D        | Killed a fire bat
   264 | D        | Reached *** piety under Vehumet
   265 | D        | Reached skill level 10 in Spellcasting
   265 | D        | Reached XP level 5. HP: 33/42 MP: 5/17
   268 | D        | Reached XP level 6. HP: 28/52 MP: 3/19
   268 | D        | Killed Pargi
   268 | D        | Reached **** piety under Vehumet
   295 | D        | Offered knowledge of Kiss of Death by Vehumet.
   298 | D        | Reached skill level 5 in Fighting
   310 | D        | Learned a level 4 spell: Iskenderun's Mystic Blast
   315 | D        | Learned a level 3 spell: Dazzling Flash
   349 | D        | Reached ***** piety under Vehumet
   425 | D        | Reached skill level 5 in Dodging
   427 | D        | Noticed a deep troll
   431 | D        | Mangled by a deep troll

Illustrated notes

Levels and vault maps discovered:
D:        pitsprint [storerooms_1, entrance_room_1, metal_vault_6, armoury_1,
          mini_pit_1, grid_room_1, main_hall_1, silver_pit, the_coven_1,
          the_vestibule_1, steel_vault_4, golden_pit, hallway_of_sentries,
          crystal_vault_1, iron_vault_1, final_vault]

Skill      XL: |  1  2  3  4  5  6 |
---------------+-------------------+-----
Spellcasting   | 7 10 | 10.0
Conjurations   | 5 6 7 |  7.0
Fighting       | 2 3 5 |  5.2
Dodging        | 3 5 |  5.0
Translocations | 2 3 4 |  4.7
Stealth        | |  1.7

Action                     |  1- 3 |  4- 6 || total
---------------------------+-------+-------++-------
  Melee: Unarmed           |     9 |       ||     9
         Tailslap          |     1 |       ||     1
         Dagger            |       |     3 ||     3
   Cast: Magic Dart        |     3 |     5 ||     8
         Searing Ray       |       |    10 ||    10
         Iskenderun's Myst |       |     3 ||     3
    Use: Potion            |       |     2 ||     2
         Scroll            |       |     1 ||     1
 Armour: Skin              |       |    22 ||    22
  Dodge: Dodged            |       |    34 ||    34

Table legend: (Time is in decaauts)
 A = Elapsed time spent in this place.
 B = Non-inter-level travel time spent in this place.
 C = Inter-level travel time spent in this place.
 D = Time resting spent in this place.
 E = Time spent auto-exploring this place.
 F = Levels seen in this place.
 G = Mean time per level.
                   A        B        C        D        E       F      G
               +--------+--------+--------+--------+--------+-----+--------+
         Total |    430 |    390 |     40 |    132 |     24 |   1 |  430.0 |
       Dungeon |    430 |    390 |     40 |    132 |     24 |   1 |  430.0 |
               +--------+--------+--------+--------+--------+-----+--------+

Top non-repeatable levels by time:
       D: 430 daAuts
